Map: Para Site LE

Players

Yocto - Winner!

  • Race: Zerg Zerg
  • Spawn Location: 5:00

vince

  • Race: Protoss Protoss
  • League: Gold
  • Spawn Location: 11:00

VOD

Have the link to the VOD?

Description

Time

  • Played on: Dec. 14, 2018, 8:13 a.m.
  • Length: 9:20
Show
View Real Time Build Order
Export as new Build Order

Yocto Zerg - Winner!

Build Orders: Hatch First 

Get SALT Encoding   

  12  0:01  Drone  
  13  0:13  Overlord  
  13  0:18  Drone  
  14  0:35  Drone x2  
  15  0:36  Drone  
  17  0:59  Hatchery  
  17  1:03  Drone  
  17  1:05  Drone  
  17  1:07  Extractor  
  17  1:24  Spawning Pool  
  16  1:26  Drone  
  17  1:33  Drone  
  17  1:35  Drone  
  18  1:43  Drone  
  19  1:53  Overlord  
  19  2:10  Drone  
  19  2:11  Queen  
  19  2:13  Queen  
  25  2:15  Zergling x2  
  25  2:21  Metabolic Boost  
  25  2:25  Drone x2  
  25  2:29  Drone  
  28  2:38  Drone x2  
  30  2:49  Queen  
  32  2:52  Queen  
  35  3:05  Drone x2  
  35  3:06  Roach Warren, Drone  
  35  3:12  Extractor  
  35  3:13  Drone  
  35  3:19  Overlord  
  36  3:32  Overlord, Baneling Nest  
  36  3:33  Overlord  
  35  3:44  Zergling x10  
  35  3:45  Zergling x2  
  41  3:56  Zergling x6  
  44  4:03  Zergling x6  
  44  4:04  Zergling x2  
  48  4:12  Overlord  
  48  4:13  Zergling x4  
  50  4:24  Roach x2  
  50  4:25  Roach  
  56  4:40  Roach  
  56  4:41  Roach x3  
  63  4:57  Lair  
  63  5:00  Spore Crawler  
  63  5:04  Spore Crawler  
  63  5:05  Overlord  
  61  5:18  Spore Crawler  
  60  5:26  Spine Crawler, Drone  
  60  5:27  Drone  
  61  5:29  Roach x2  
  65  5:43  Overlord  
  65  5:51  Drone x2  
  65  5:54  Overlord x2  
  67  5:59  Baneling  
  67  6:01  Ravager  
  59  6:25  Zergling x12  
  64  6:26  Zergling x10  
  64  6:31  Overseer  
  70  6:37  Overlord  
  70  6:39  Drone x2  
  71  7:16  Drone x7  
  71  7:17  Drone x3  
  81  7:25  Hatchery  
  81  7:29  Nydus Network  
  79  7:30  Extractor  
  79  7:31  Drone  
  79  7:33  Drone  
  79  7:35  Drone  
  82  7:37  Drone  
  82  7:50  Extractor  
  81  7:56  Drone x6  
  81  7:57  Drone  
  88  8:19  Overlord  
  88  8:20  Overlord x2  
  88  8:31  Nydus Canal  
  88  8:35  Roach  
  88  8:36  Overlord x3  
  90  8:49  Baneling  
  90  8:51  Baneling x3  
  90  8:52  Baneling x7  
Show
View Real Time Build Order
Export as new Build Order

vince Protoss 

Build Orders:  

Get SALT Encoding   

  12  0:11  Pylon  
  12  0:28  Probe  
  13  0:40  Probe  
  14  0:42  Gateway  
  14  0:50  Pylon  
  14  0:52  Probe  
  15  1:04  Assimilator  
  15  1:05  Probe  
  16  1:17  Probe  
  17  1:22  Gateway  
  19  1:32  Zealot  
  19  1:41  Pylon  
  19  1:49  Probe  
  19  1:51  Cybernetics Core  
  20  1:57  Assimilator  
  20  2:01  Probe  
  20  2:06  Zealot  
  20  2:08  Warp Gate  
  23  2:16  Zealot  
  23  2:18  Probe  
  26  2:35  Shield Battery  
  26  2:38  Probe  
  26  2:40  Zealot  
  29  2:51  Probe  
  30  2:52  Pylon  
  30  3:05  Twilight Council  
  30  3:08  Probe  
  31  3:20  Probe  
  31  3:23  Shield Battery  
  32  3:32  Robotics Facility  
  32  3:37  Charge  
  32  3:43  Gateway  
  32  4:02  Pylon  
  32  4:14  Gateway  
  32  4:15  Stalker  
  34  4:21  Observer  
  35  4:35  Pylon  
  35  4:37  Gateway  
  35  4:39  Shield Battery  
  35  4:53  Pylon  
  35  4:58  Shield Battery  
  35  5:04  Stalker  
  37  5:17  Immortal  
  41  5:23  Zealot  
  43  5:46  Pylon  
  43  5:49  Zealot x3  
  49  5:50  Zealot  
  31  6:24  Immortal  
  35  6:37  Robotics Facility  
  35  6:45  Nexus  
  35  6:53  Zealot  
  37  7:12  Zealot  
  37  7:13  Zealot  
  37  7:15  Zealot  
  43  7:33  Sentry x2  
  43  7:34  Sentry, Pylon  
  43  7:35  Sentry  
  43  7:36  Pylon  
  51  7:58  Probe  
  52  8:00  Sentry x2  
  56  8:10  Probe  
  57  8:16  Immortal  
  57  8:19  Observer  
  62  8:33  Probe, Zealot  
  64  8:36  Shield Battery  
  64  8:41  Shield Battery  
  65  8:43  Shield Battery  
  65  8:50  Sentry x3  
  72  8:55  Observer  
Tags
 
League
Gold
Matchup
PvZ
Replay Pack
Yocto
Spawn Locations
Cross Positions
Add a new tag
Caveats
  • Supply blocks, unpowered buildings, or Contaminate may cause inaccurate times.
  • Supply counts are checked every 10 seconds.